 Dungeon Crawl Stone Soup version 0.31.0-11-ge490571c62 (webtiles) character file.

Game seed: 16249140139705005457

13363 Ofeo the Marksfrog (level 12, -22/72 HPs)
             Began as a Barachi Hunter on Jan 27, 2024.
             Was a Believer of Hepliaklqana.
             Annihilated by a minotaur
             ... wielding a staff of fire
              (24 damage)
             ... in a Gauntlet.
             The game lasted 00:24:14 (11934 turns).

Ofeo the Marksfrog (Barachi Hunter)                Turns: 11934, Time: 00:24:15

Health: -22/72     AC: 16    Str: 16    XL:     12   Next: 5%
Magic:  4/4        EV: 14    Int:  9    God:    Hepliaklqana [**....]
Gold:   235        SH:  0    Dex: 27    Spells: 11/11 levels left

rFire   + . .        c - +1 longbow (antimagic)
rCold   + . .        (shield currently unavailable)
rNeg    . . .        i - +2 robe {rC+ rF+}
rPois   .            l - +0 helmet
rElec   .            F - +0 cloak
rCorr   .            R - +2 pair of gloves {Str+3}
SInv    .            K - +2 pair of boots
Will    .....        t - amulet of regeneration
Stlth   +++          k - +4 ring of protection
HPRegen 1.12/turn    v - +6 ring of dexterity
MPRegen 0.09/turn

%: no teleportation
@: slow
A: reduced essence, amphibious, slowness 1, strong legs 1, +LOS
a: Hop, Renounce Religion, Recall Ancestor, Ancestor Identity


You were in a Gauntlet.
You worshipped Hepliaklqana.
Hepliaklqana was pleased with you.
You visited 2 branches of the dungeon, and saw 12 of its levels.
You also visited: Sewer, Ossuary and Gauntlet.

You collected 665 gold pieces.
You spent 430 gold pieces at shops.

Inventory:

Hand Weapons
 a - a +1 shortbow of flaming
 c - a +1 antimagic longbow (weapon)
Missiles
 f - a throwing net
 p - 13 curare-tipped darts
Armour
 g - the +1 leather armour "Corefokk" {rF+}
   (You found it on level 2 of the Dungeon)

   rF+:       It protects you from fire.
 i - a +2 robe of resistance (worn)
 l - a +0 helmet (worn)
 F - a +0 cloak (worn)
 K - a +2 pair of boots (worn)
 O - a +2 pair of gloves of strength
 R - a +2 pair of gloves of strength (worn)
Jewellery
 k - a +4 ring of protection (left hand)
 n - a ring of wizardry
 s - an amulet of faith
 t - an amulet of regeneration (around neck)
 v - a +6 ring of dexterity (right hand)
 G - a +5 ring of evasion
Wands
 w - a wand of polymorph (8)
 y - a wand of iceblast (9) {@v4}
 J - a wand of mindburst (6)
Scrolls
 b - a scroll of butterflies
 d - 2 scrolls of summoning
 e - 3 scrolls of teleportation {@r3}
 j - 3 scrolls of vulnerability
 A - 2 scrolls of fog
 D - 5 scrolls of poison
 E - 3 scrolls of revelation
 L - a scroll of enchant weapon
 N - a scroll of immolation
 P - a scroll of fear
Potions
 m - a potion of enlightenment {unknown}
 q - 6 potions of curing {@q1}
 r - 4 potions of resistance {@q6}
 u - 4 potions of brilliance
 x - 7 potions of mutation
 z - a potion of attraction
 B - 4 potions of magic
 H - 3 potions of might {unknown}
 I - a potion of cancellation {unknown}
 M - a potion of degeneration {unknown}
 Q - a potion of berserk rage {unknown}
Miscellaneous
 o - a phantom mirror (inert)


   Skills:
 - Level 3.3 Fighting
 + Level 18.6 Ranged Weapons
 - Level 3.1 Dodging
 - Level 2.0 Stealth


You had 11 spell levels left.
You didn't know any spells.
Your spell library contained the following spells:

 Spells                   Type           Power      Damage    Failure   Level
 Foxfire                  Conj/Fire      0%         2x1d4     38%         1
 Freeze                   Ice            0%         1d3       38%         1
 Magic Dart               Conj           0%         1d3       38%         1
 Sandblast                Erth           0%         2d4       38%         1
 Shock                    Conj/Air       0%         1d3       38%         1
 Slow                     Hex            0%         N/A       38%         1
 Blink                    Tloc           0%         N/A       52%         2
 Call Imp                 Summ           0%         N/A       52%         2
 Ensorcelled Hibernation  Hex/Ice        0%         N/A       52%         2
 Confusing Touch          Hex            0%         N/A       77%         3
 Dazzling Flash           Conj/Hex       0%         N/A       77%         3
 Frozen Ramparts          Ice            0%         1d1       77%         3
 Fugue of the Fallen      Necr           0%         N/A       77%         3
 Hailstorm                Conj/Ice       0%         3d5       77%         3
 Mephitic Cloud           Conj/Alch/Air  0%         N/A       77%         3
 Ozocubu's Armour         Ice            0%         N/A       77%         3
 Sigil of Binding         Hex            0%         N/A       77%         3
 Swiftness                Air            0%         N/A       77%         3
 Vampiric Draining        Necr           0%         2d6       77%         3
 Volatile Blastmotes      Fire/Tloc      0%         2d10      77%         3
 Airstrike                Air            0%         2d(0-16)  99%         4
 Anguish                  Hex/Necr       0%         N/A       99%         4
 Fulminant Prism          Conj/Alch      0%         3d5       99%         4
 Iskenderun's Mystic Bla  Conj/Tloc      0%         2d3       99%         4
 Curse of Agony           Necr           0%         N/A       100%        5
 Iskenderun's Battlesphe  Conj           0%         2d6       100%        5
 Metabolic Englaciation   Hex/Ice        0%         N/A       100%        5
 Silence                  Hex/Air        0%         N/A       100%        5
 Bombard                  Conj/Erth      0%         9d1       100%        6
 Sculpt Simulacrum        Ice/Alch       0%         N/A       100%        6
 Starburst                Conj/Fire      0%         6d3       100%        6
 Spellforged Servitor     Conj/Summ      0%         N/A       100%        7


Dungeon Overview and Level Annotations

Branches:
Dungeon (11/15)            Temple (1/1) D:7            Lair (0/5) D:8
    Orc (0/2) D:10          Sewer (visited)         Ossuary (visited)
Gauntlet (1/1)

Altars:
Ashenzari
Cheibriados
Dithmenos
Elyvilon
Fedhas
Gozag
Hepliaklqana
Kikubaaqudgha
Makhleb
Nemelex Xobeh
Okawaru
Qazlal
Ru
Sif Muna
Trog
Uskayaw
Vehumet
Wu Jian
Xom
Yredelemnul
Zin
The Shining One

Shops:
D:1 [   D:4 [   D:6 :   D:9 :   D:10 [

Annotations:
D:7 1 runed translucent door, Crazy Yiuf Gauntlet 6 transporters, exclusion: 2 lightning spires


Innate Abilities, Weirdness & Mutations

Your life essence is reduced to manifest your ancestor. (-10% HP)
You are amphibious.
You cover ground slowly.
You can hop short distances.
You have an extended range of vision and can be seen from far away.


Message History

Aiming: Iceblast
Press: ? - help, Shift-Dir - straight line, p - minotaur The mass of ice explodes!
The iceblast engulfs the minotaur.
The minotaur is almost dead.
The minotaur hits you with a staff of fire.
* * * LOW HITPOINT WARNING * * *
The minotaur burns you.
* * * LOW HITPOINT WARNING * * *
The minotaur gores you but does no damage.
You take 5 damage, and have 17/72 hp.
A minotaur is nearby!
Unknown command.
You feel much better.
The minotaur hits you with a staff of fire!
The minotaur gores you.
You regained 15 hp, and now have 32/72 hp.
Aiming: Iceblast
Press: ? - help, Shift-Dir - straight line The mass of ice explodes!
The iceblast engulfs the minotaur.
The minotaur is almost dead.
The minotaur hits you with a staff of fire!!
* * * LOW HITPOINT WARNING * * *
The minotaur barely misses you.
You take 22 damage, and have 10/72 hp.
MASSIVE DAMAGE!!
Aiming: Iceblast
Press: ? - help, Shift-Dir - straight line The mass of ice explodes!
The iceblast engulfs the minotaur!
The minotaur is almost dead.
The minotaur hits you with a staff of fire.
* * * LOW HITPOINT WARNING * * *
The minotaur burns you.
* * * LOW HITPOINT WARNING * * *
The minotaur barely misses you.
You take 9 damage, and have 1/72 hp.
Aiming: Iceblast
Press: ? - help, Shift-Dir - straight line The mass of ice explodes!
The iceblast engulfs the minotaur.
The minotaur is almost dead.
The minotaur hits you with a staff of fire!!
You die...

.©#..#§..######
#"#..#.8.##...#
#.#..#...##.#.#
^Y#..#.8....#.#
.Y#..#...##.#.####+##
###..#...##...##..⌠.#
....≈#.©.##.#.##∩...#
....∩#......#.'....⌠+
....≈#.©.##.#.##@H..#
###..#...##...###+###
.2#..#...##.#.#
≈5#..#.8....#.#
.4#..#...##.#.#
≈:#..#.8.##...#
.©#..#...######
./#..#≈8≈# .≈#..#####


You could see a minotaur.

Vanquished Creatures
  4 two-headed ogres
  A skeletal warrior (D:10)
  Maurice (D:7)
  Joseph (D:8)
  2 gargoyles
  3 kobold demonologists
  A troll (D:10)
  A shadow (D:10)
  A vampire (D:10)
  4 wraiths (D:10)
  A wyvern (D:11)
  11 yaks
  A steam dragon (D:7)
  The ghost of Yore the Trooper, an amateur GrFi (D:2)
  A water moccasin (D:6)
  2 sky beasts (D:7)
  An orc warrior (D:10)
  3 black bears
  4 ice beasts
  An ogre (D:6)
  3 centaurs
  A phantom (D:4)
  3 bullfrogs
  7 kobold brigands
  3 scorpions
  4 wights (D:7)
  8 killer bees
  6 howler monkeys
  A bombardier beetle (D:4)
  3 quasits
  5 bullfrog zombies (Ossuary)
  2 hounds
  2 gnoll boudas
  4 orc priests
  5 mummies (Ossuary)
  2 iguanas
  9 orc wizards
  A killer bee zombie (Ossuary)
  3 crocodile zombies (Ossuary)
  2 hound zombies (Ossuary)
  5 howler monkey zombies (Ossuary)
  Robin (D:4)
  11 gnolls
  12 adders
  5 river rats (Sewer)
  A shadow imp (D:7)
  2 white imps
  2 ufetubi (D:5)
  2 ribbon worms
  28 orcs
  15 ball pythons
  7 endoplasms
  5 giant cockroaches (D:6)
  9 hobgoblins
  3 jackals (D:3)
  36 kobolds
  6 quokkas
  6 ball python zombies (Ossuary)
  6 bats
  13 frilled lizards
  13 goblins
  22 rats
329 creatures vanquished.

Vanquished Creatures (collateral kills)
  A tengu warrior (Gauntlet)
  A yak (D:10)
  An orc priest (D:10)
  A gnoll (D:10)
  An orc (D:10)
5 creatures vanquished.

Vanquished Creatures (others)
  A hexer (Gauntlet)
  4 ancestors
5 creatures vanquished.

Grand Total: 339 creatures vanquished

Notes
Turn   | Place    | Note
-------+----------+-------------------------------------------
     0 | D:1      | Ofeo the Barachi Hunter began the quest for the Orb.
     0 | D:1      | Reached XP level 1. HP: 17/17 MP: 1/1
    18 | D:1      | Reached skill level 1 in Stealth
   106 | D:1      | Reached XP level 2. HP: 22/23 MP: 2/2
   397 | D:1      | Reached XP level 3. HP: 28/28 MP: 3/3
   515 | D:1      | Found Ilaopseh's Armour Boutique.
   531 | D:1      | Bought a +0 pair of boots for 54 gold pieces
   809 | D:2      | Reached XP level 4. HP: 35/35 MP: 4/4
   975 | D:2      | Identified the +1 leather armour "Corefokk" {rF+}
  1838 | D:3      | Reached skill level 5 in Ranged Weapons
  1950 | D:3      | Reached XP level 5. HP: 41/41 MP: 5/5
  1986 | D:3      | Found a stormy altar of Qazlal.
  2160 | D:3      | Found a faded altar of an unknown god.
  2335 | D:3      | Found a transporter.
  2335 | D:3      | Noticed Yore's ghost (amateur GrFi)
  2578 | D:3      | Found a transporter.
  2812 | D:3      | Reached skill level 6 in Ranged Weapons
  2812 | D:3      | Reached XP level 6. HP: 47/47 MP: 6/6
  3031 | D:4      | Identified a scroll of acquirement
  3046 | D:4      | Noticed Robin
  3067 | D:4      | Killed Robin
  3145 | D:4      | Found a sand-covered staircase.
  3156 | Ossuary  | Entered an ossuary
  3170 | Ossuary  | Reached skill level 7 in Ranged Weapons
  3184 | Ossuary  | Reached XP level 7. HP: 52/52 MP: 7/7
  3304 | Ossuary  | Reached skill level 8 in Ranged Weapons
  3785 | D:2      | Killed Yore's ghost
  3786 | D:2      | Reached skill level 9 in Ranged Weapons
  3786 | D:2      | Reached XP level 8. HP: 36/58 MP: 8/8
  3836 | D:1      | Acquired a +1 antimagic longbow
  3948 | D:4      | Noticed an animated plate armour
  3950 | D:4      | Found Liummofath's Armour Boutique.
  3956 | D:4      | Noticed an animated plate armour
  4092 | D:4      | Found a glowing silver altar of Zin.
  4387 | D:5      | Entered Level 5 of the Dungeon
  4449 | D:5      | Reached skill level 10 in Ranged Weapons
  5150 | D:5      | Found an ancient bone altar of Kikubaaqudgha.
  5339 | D:6      | Reached skill level 11 in Ranged Weapons
  5367 | D:6      | Reached XP level 9. HP: 64/64 MP: 3/9
  5607 | D:6      | Found a glowing drain.
  5622 | Sewer    | Entered a sewer
  5992 | Sewer    | Reached skill level 12 in Ranged Weapons
  6177 | D:6      | Found Qaerol's Book Emporium.
  6362 | D:6      | Noticed a gargoyle
  6377 | D:6      | Killed a gargoyle
  6467 | D:6      | Reached skill level 13 in Ranged Weapons
  6528 | D:7      | Noticed Maurice
  6528 | D:7      | Noticed a kobold demonologist
  6554 | D:7      | Killed Maurice
  6555 | D:7      | Noticed a kobold demonologist
  6714 | D:7      | Killed a kobold demonologist
  6715 | D:7      | Reached XP level 10. HP: 70/70 MP: 3/10
  6724 | D:7      | Reached skill level 14 in Ranged Weapons
  6839 | D:4      | Bought a +2 pair of boots for 181 gold pieces
  6972 | D:7      | Killed a kobold demonologist
  7213 | D:7      | Found a staircase to the Ecumenical Temple.
  7298 | D:7      | Found a hide-covered altar of Uskayaw.
  7621 | D:7      | Found a runed translucent door.
  7622 | D:7      | Noticed Crazy Yiuf
  7656 | Temple   | Entered the Ecumenical Temple
  7666 | Temple   | Became a worshipper of Hepliaklqana the Forgotten
  7787 | D:8      | Reached skill level 15 in Ranged Weapons
  8089 | D:8      | Found a staircase to the Lair.
  8122 | D:8      | Found a sacrificial altar of Ru.
  8122 | D:8      | Noticed Joseph
  8158 | D:8      | Killed Joseph
  8500 | D:8      | Noticed a two-headed ogre
  8509 | D:8      | Killed a two-headed ogre
  8515 | D:8      | You fall into a shaft and drop 1 floor!
  8806 | D:9      | Found a shimmering altar of Xom.
  8822 | D:9      | Reached skill level 16 in Ranged Weapons
  8932 | D:9      | Reached XP level 11. HP: 69/75 MP: 3/11
  8998 | D:9      | Found an ornate altar of the Wu Jian Council.
  9036 | D:9      | Found Sihyr's Book Boutique.
  9057 | D:9      | Noticed a two-headed ogre
  9064 | D:9      | Killed a two-headed ogre
  9123 | D:9      | Noticed a two-headed ogre
  9127 | D:9      | Killed a two-headed ogre
  9286 | D:9      | Identified the +0 robe "Xirgh" {rC++}
  9378 | D:9      | Reached * piety under Hepliaklqana
  9481 | D:9      | Reached skill level 17 in Ranged Weapons
  9667 | D:10     | Entered Level 10 of the Dungeon
  9815 | D:10     | Got Sif Muna's Essays on the Ground and Burning
  9902 | D:10     | Noticed a skeletal warrior
  9902 | D:10     | Found the +5 scythe "Finisher" {speed, execute}
 10081 | D:10     | Found a staircase to the Orcish Mines.
 10141 | D:10     | Found a radiant altar of Vehumet.
 10202 | D:10     | Found Tiopsom's Antique Armour Emporium.
 10235 | D:10     | Bought a pair of runed gloves for 195 gold pieces
 10378 | D:10     | Found an opulent altar of Gozag.
 10557 | D:10     | Found a glowing golden altar of the Shining One.
 10752 | D:10     | Killed a skeletal warrior
 10753 | D:10     | Reached skill level 18 in Ranged Weapons
 11124 | D:11     | Found a gate leading to a gauntlet.
 11225 | D:11     | Reached ** piety under Hepliaklqana
 11314 | D:11     | Noticed a two-headed ogre
 11323 | D:11     | Killed a two-headed ogre
 11356 | Gauntlet | Entered a Gauntlet
 11356 | Gauntlet | Noticed a tengu warrior
 11356 | Gauntlet | Noticed a worldbinder
 11356 | Gauntlet | Found a transporter.
 11356 | Gauntlet | Found a transporter.
 11356 | Gauntlet | Found a transporter.
 11358 | Gauntlet | Found a transporter.
 11359 | Gauntlet | Found a transporter.
 11359 | Gauntlet | Found a transporter.
 11369 | Gauntlet | Found a transporter.
 11369 | Gauntlet | Noticed a lightning spire
 11419 | Gauntlet | Found a transporter.
 11469 | Gauntlet | Found a transporter.
 11470 | Gauntlet | Found a transporter.
 11473 | Gauntlet | Noticed a lightning spire
 11473 | Gauntlet | Noticed a blizzard demon
 11474 | Gauntlet | Noticed a dire elephant
 11480 | Gauntlet | Found a transporter.
 11480 | Gauntlet | Found a transporter.
 11785 | Gauntlet | Killed a tengu warrior
 11786 | Gauntlet | Reached XP level 12. HP: 17/72 MP: 4/12
 11900 | Gauntlet | Remembered your ancestor Biggus Dickus as a hexer
 11916 | Gauntlet | Noticed a minotaur
 11933 | Gauntlet | HP: 1/72 [minotaur/staff of fire (4)]
 11934 | Gauntlet | Annihilated by a minotaur

Illustrated notes

Levels and vault maps discovered:
D:1:      mushboom_english_gardens, layout_loops_ring, serial_shops, shop
D:2:      layout_loops_cross, minmay_pentomino_s4
D:3:      layout_basic, nicolae_qazlal_general_emergency, serial_corexii_hall,
          corexii_hall_statues_t, chequers_hall_statues_corner_a,
          gammafunk_ghost_stat_death, shapermc_ecumenical_altar_gd,
          nicolae_grassy_gnolls
D:4:      layout_gridville, zin_statuary, serial_shops, nicolae_shop_mannequins,
          mainiacjoe_ossuary_entry_dusty_tomb, small_statue_intersection,
          uniq_robin
D:5:      layout_basic, mainiacjoe_overflow_alcove_2
D:6:      layout_gridville, gup_sewer_entry_pipe, serial_shops,
          nicolae_shop_stone
D:7:      layout_cave_pools, nicolae_overflow_crystal_walls,
          minmay_temple_entry_sparse_star, uniq_maurice, uniq_crazy_yiuf_cottage
D:8:      layout_basic, amcnicky_altar_gilded, lair_entry_dummy,
          hangedman_decor_slide_cut, uniq_joseph
D:9:      layout_irregular_city, mainiacjoe_overflow_catwalk,
          mainiacjoe_overflow_cross_hatched, serial_shops,
          nicolae_shop_hallway_plus
D:10:     layout_loops_ring, nicolae_overflow_hidden_temple,
          mainiacjoe_overflow_alcove_4,
          mainiacjoe_overflow_concentric_impassable, serial_shops,
          nicolae_shop_temple_entry_statues_fountains,
          minmay_guarded_unrand_finisher
D:11:     layout_basic, gauntlet_entry_generic
Temple:   nicolae_temple_slightly_damp_pantheon
Gauntlet: gammafunk_gauntlet_hard_choice [gammafunk_gauntlet_arena_corners,
          gammafunk_gauntlet_arena_grid, gammafunk_gauntlet_arena_chambers,
          nicolae_gauntlet_arena_quarters, nicolae_gauntlet_arena_flowing_pool,
          gammafunk_gauntlet_arena_split_diamond, gauntlet_exit_hidden_loot]

Skill      XL: |  1  2  3  4  5  6  7  8  9 10 11 |
---------------+----------------------------------+-----
Stealth        | 1 2 |  2.0
Fighting       | 3 |  3.3
Dodging        | 3 |  3.1
Ranged Weapons | 5 6 7 9 11 13 16 18 | 18.6

Action                     |  1- 3 |  4- 6 |  7- 9 | 10-12 || total
---------------------------+-------+-------+-------+-------++-------
   Fire: Shortbow          |   100 |   223 |   174 |       ||   497
         Longbow           |       |       |   269 |   419 ||   688
 Invoke: Recall Ancestor   |       |       |       |     1 ||     1
         Ancestor Identity |       |       |       |     1 ||     1
         Ancestor Life: He |       |       |       |     1 ||     1
Ability: Hop               |       |     2 |       |     4 ||     6
  Evoke: Wand              |       |       |       |     9 ||     9
         Phantom mirror    |       |       |       |     1 ||     1
    Use: Scroll            |       |     7 |    14 |     5 ||    26
         Potion            |       |       |       |     4 ||     4
 Armour: Leather armour    |    21 |   205 |    82 |       ||   308
         Robe              |       |       |    48 |   123 ||   171
  Dodge: Dodged            |    26 |   204 |   172 |   118 ||   520
